AoeStats
← tostostos

Arena

509201765Analyzed
4v4 RM · 6d ago on Sep 25, 2026· 42m 29s· 8 players
Game mode
Random Map
Map size
Large (8 player)
Population
200
Speed
Normal
Resources
Standard
Victory
Conquest
Starting age
Dark Age
Ending age
Imperial Age
RankedLock teamsTeams togetherTeam positionsShared explorationLock speedFull tech treeHidden civsTurbo modeCheats
Victory
Defeat
🇹🇷 Japanese · Türkiye
1210
+9
🇹🇷 Hindustanis · Türkiye
1131
+12
🇹🇷 Malians · Türkiye
1056
+14
🇹🇷 Cumans · Türkiye
953
+18
🇨🇭 Slavs · Switzerland
1049
-14
🇨🇱 Hindustanis · Chile
1046
-14
🇵🇰 Celts · Pakistan
1029
-13
🇵🇰 Bohemians · Pakistan
1005
-12
datomasra
7:56 Loom
11:47 Feudal Age
16:09 Castle Age
14:32 Stone Mining
15:58 Double-Bit Axe
18:14 Fletching
21:18 Forging
23:37 Horse Collar
26:13 Heavy Plow
29:23 Fortified Wall
30:54 Bodkin Arrow
35:43 Imperial Age
39:31 Iron Casting
38:57 Scale Mail Armor
40:18 Squires
xxneploaxx
2:41 Loom
10:15 Feudal Age
10:55 Double-Bit Axe
10:52 Horse Collar
11:41 Gold Mining
13:53 Wheelbarrow
21:01 Castle Age
20:27 Forging
20:44 Stone Mining
22:47 Heavy Plow
26:05 Bow Saw
28:11 Gold Shaft Mining
28:31 Hand Cart
28:04 Town Watch
32:27 Imperial Age
30:45 Iron Casting
31:16 Scale Barding Armor
34:05 Scale Mail Armor
35:33 Heavy Camel Rider
36:16 Husbandry
36:33 Bloodlines
39:23 Imperial Camel Rider
39:34 Man-at-Arms
41:00 Chain Barding Armor
41:49 Grand Trunk Road
NSN WAJID
15:32 Feudal Age
13:47 Loom
17:30 Wheelbarrow
16:41 Double-Bit Axe
16:37 Horse Collar
16:50 Gold Mining
16:51 Stone Mining
21:26 Castle Age
22:49 Hand Cart
24:40 Bow Saw
24:44 Heavy Plow
29:12 Fletching
29:22 Padded Archer Armor
30:08 Pikeman
32:46 Elite Skirmisher
39:27 Imperial Age
37:32 Husbandry
NSN FAHAD
15:10 Feudal Age
17:51 Horse Collar
18:50 Wheelbarrow
18:02 Double-Bit Axe
21:01 Castle Age
20:26 Loom
22:43 Hand Cart
22:41 Bow Saw
22:34 Heavy Plow
27:22 Imperial Age
28:33 Chemistry
30:07 Two-Man Saw
36:55 Pikeman
37:35 Squires
37:20 Arson
37:46 Scale Mail Armor
37:57 Forging
38:15 Halberdier
Sarkum
5:11 Loom
10:33 Feudal Age
11:09 Double-Bit Axe
13:00 Horse Collar
18:37 Castle Age
18:58 Wheelbarrow
19:35 Bow Saw
19:37 Heavy Plow
20:43 Pikeman
21:23 Squires
23:15 Scale Mail Armor
26:46 Chain Mail Armor
34:06 Imperial Age
32:06 Forging
31:46 Fletching
31:57 Padded Archer Armor
34:09 Halberdier
37:10 Conscription
HT
10:50 Feudal Age
14:45 Castle Age
13:39 Double-Bit Axe
19:29 Bow Saw
20:57 Loom
22:55 Gold Mining
23:45 Scale Mail Armor
24:57 Wheelbarrow
25:12 Forging
24:58 Horse Collar
27:25 Chain Mail Armor
27:53 Squires
27:39 Arson
28:27 Gambesons
32:13 Hand Cart
38:14 Imperial Age
38:52 Heavy Plow
38:41 Town Watch
38:29 Capped Ram
40:44 Two-Man Saw
40:47 Elite Samurai
42:29 Plate Mail Armor
43:37 Iron Casting
D.M.G.
11:48 Feudal Age
12:54 Horse Collar
15:51 Castle Age
15:14 Double-Bit Axe
17:29 Bow Saw
23:35 Wheelbarrow
28:20 Imperial Age
26:19 Fletching
26:30 Padded Archer Armor
27:20 Bodkin Arrow
28:30 Leather Archer Armor
28:56 Hand Cart
30:09 Chemistry
30:08 Conscription
30:22 Bracer
30:50 Shatagni
33:39 Grand Trunk Road
40:06 Husbandry
39:28 Light Cavalry
40:19 Bloodlines
40:22 Forging
40:17 Scale Barding Armor
40:43 Ring Archer Armor
tostostos
9:10 Loom
12:38 Feudal Age
13:53 Double-Bit Axe
17:15 Castle Age
15:05 Horse Collar
16:04 Wheelbarrow
16:07 Stone Mining
17:04 Gold Mining
17:18 Fletching
18:02 Heavy Plow
20:17 Bow Saw
26:19 Padded Archer Armor
31:20 Imperial Age
29:37 Hand Cart
33:39 Conscription
34:42 Light Cavalry
35:33 Bloodlines
35:24 Husbandry
35:54 Scale Barding Armor
36:00 Forging
37:52 Gold Shaft Mining
37:52 Stone Shaft Mining
39:22 Crop Rotation
39:29 Heavy Camel Rider
41:00 Scale Mail Armor
41:16 Leather Archer Armor
42:38 Iron Casting
42:50 Chain Barding Armor
Connection lost

Rejoining the realm…

Still unreachable

The connection could not be restored.

Session expired

The server has moved on; the page needs a fresh start.